 Dungeon Crawl Stone Soup version 0.27.0-66-gdc8fb28755 (webtiles) character file.

Game seed: 14945129266342128934

168 ZARRMARR the Chopper (level 5, -2/47 HPs)
             Began as a Hill Orc Monk on Aug 19, 2021.
             Slain by a goblin (7 damage)
             ... led by Robin
             ... on level 3 of the Dungeon.
             The game lasted 00:13:54 (5128 turns).

ZARRMARR the Chopper (Hill Orc Monk)                Turns: 5128, Time: 00:13:54

Health: -2/47      AC:  3    Str: 15    XL:     5   Next: 49%
Magic:  0/7        EV: 12    Int: 10    God:
Gold:   95         SH:  0    Dex: 13    Spells: 5/6 levels left

rFire    . . .     SeeInvis .   a - +0 hand axe
rCold    + . .     Faith    .   (no shield)
rNeg     . . .     Spirit   +   b - +1 robe
rPois    .         Reflect  .   (no helmet)
rElec    .         Harm     .   (no cloak)
rCorr    .         Rampage  .   (no gloves)
Will     .....                  (no boots)
Stlth    ++........             h - amulet of guardian spirit
HPRegen  0.15/turn              i - ring of protection from cold
MPRegen  0.10/turn              (no ring)

@: attractive, flying
A: no striking features
a: no special abilities


You were on level 3 of the Dungeon.
You visited 1 branch of the dungeon, and saw 3 of its levels.

You collected 95 gold pieces.

Inventory:

Hand Weapons
 a - a +0 hand axe (weapon)
 f - a +0 club
Armour
 b - a +1 robe (worn)
Magical Staves
 g - a staff of conjuration
Jewellery
 h - an amulet of guardian spirit (around neck)
 i - a ring of protection from cold (left hand)
Wands
 m - a wand of iceblast (9)
Scrolls
 c - a scroll of enchant weapon {unknown}
 k - a scroll of silence {unknown}
 l - 2 scrolls of enchant armour
Potions
 d - a potion of magic
 n - 2 potions of curing


   Skills:
 + Level 4.4 Fighting
 + Level 5.5 Axes
 + Level 3.0 Dodging
 - Level 1.5 Stealth
 + Level 1.4 Spellcasting
 + Level 1.3 Necromancy


You had 5 spell levels left.
You knew the following spells:

 Your Spells              Type           Power      Damage    Failure   Level
a - Pain                  Necr           12%        1d4       19%         1

Your spell library contained the following spells:

 Spells                   Type           Power      Damage    Failure   Level
 Animate Skeleton         Necr           6%         N/A       19%         1
 Vampiric Draining        Necr           1%         2d6       50%         3
 Blade Hands              Tmut           0%         N/A       100%        5
 Irradiate                Conj/Tmut      0%         3d13      100%        5
 Dragon Form              Tmut           0%         N/A       100%        7


Dungeon Overview and Level Annotations

Branches:
Dungeon (3/15)

Altars:

Shops:
D:3 (

Annotations:
D:3 1 runed translucent door, Crazy Yiuf, Robin


Message History

The hobgoblin misses you.
You hit the hobgoblin.
The hobgoblin is almost dead.
Robin throws the goblin at you! The goblin misses you. The hobgoblin hits you.
You hit the hobgoblin but do no damage.
The hobgoblin is almost dead.
You miss the goblin.
Robin hits you from afar with a +0 spear.
The goblin closely misses you. The hobgoblin barely misses you.
You hit the hobgoblin.
You kill the hobgoblin!
You hit the goblin. The goblin hits you with a +0 club.
You hit the goblin.
You kill the goblin!
You hit the hobgoblin but do no damage.
Robin hits you from afar with a +0 spear.
* * * LOW HITPOINT WARNING * * *
The hobgoblin hits you but does no damage.
You hit the hobgoblin.
The hobgoblin is almost dead.
Robin roars a battlecry!
The goblins go into a battle-frenzy!
The hobgoblin completely misses you.
You hit the hobgoblin.
You kill the hobgoblin!
Robin hits you from afar with a +0 spear.
* * * LOW HITPOINT WARNING * * *
It was a potion of attraction.
You feel attractive to monsters. Robin throws the goblin at you!
* * * LOW HITPOINT WARNING * * *
The goblin hits you with a +0 falchion.
* * * LOW HITPOINT WARNING * * *
The goblin hits you with a +0 dagger.
* * * LOW HITPOINT WARNING * * *
It was a potion of flight.
You feel very buoyant.
You fly up into the air.
Robin barely misses you. The goblin hits you with a +0 falchion!
You die...

#. #.#
#......##.# #.
#.# #......##.# #
##.#####.#
######..#.#
..#.##...#'#####
##.#.#
..g.)..........#
#...#
...###.........#
####..# g.#
#.........#
#...... ..
#.#......(.g#####
#...... .
#.........gg@g.#
#...... g
##############.#
#...... #.#
#......
♣♣♣♣♣##.##
#####'# ###
♣♣♣.♣......# #)#
#...#♣..♣.......#
#.#
#...+.♣♣♣♣......#
#># #)..#♣♣
♣♣....## #.. ###
♣♣#### #..


You could see Robin and 3 goblins.

Vanquished Creatures
  Jessica (D:3)
  Natasha (D:3)
  4 adders
  An ufetubus (D:3)
  5 worms
  A dart slug (D:3)
  An endoplasm (D:2)
  3 giant cockroaches
  11 goblins
  6 hobgoblins
  5 jackals
  7 kobolds
  2 quokkas
  4 ball pythons
  3 bats
  A frilled lizard (D:1)
  6 rats
62 creatures vanquished.

Notes
Turn   | Place    | Note
-------+----------+-------------------------------------------
     0 | D:1      | ZARRMARR the Hill Orc Monk began the quest for the Orb.
     0 | D:1      | Reached XP level 1. HP: 19/19 MP: 1/1
   133 | D:1      | Reached XP level 2. HP: 13/27 MP: 2/2
   501 | D:1      | Learned a level 1 spell: Pain
  1134 | D:2      | Reached XP level 3. HP: 8/33 MP: 0/3
  3150 | D:3      | Reached XP level 4. HP: 32/40 MP: 4/4
  3208 | D:3      | Reached skill level 5 in Axes
  3741 | D:3      | Noticed Jessica
  3758 | D:3      | Killed Jessica
  3759 | D:3      | Reached skill level 1 in Spellcasting
  3759 | D:3      | Reached skill level 1 in Necromancy
  4348 | D:3      | Found Olowip's Weapon Shop.
  4410 | D:3      | Reached XP level 5. HP: 18/46 MP: 2/6
  5035 | D:3      | Found a runed translucent door.
  5036 | D:3      | Noticed Crazy Yiuf
  5066 | D:3      | Noticed Natasha
  5085 | D:3      | Killed Natasha
  5090 | D:3      | Noticed Robin
  5128 | D:3      | Slain by a goblin

Illustrated notes

Levels and vault maps discovered:
D:1:      dpeg_arrival_simpleton_b, layout_rooms
D:2:      layout_basic
D:3:      layout_basic, serial_shops, nicolae_shop_waterfront,
          chequers_serial_rivers_micro_b, uniq_crazy_yiuf_cottage, uniq_natasha,
          uniq_jessica, uniq_robin

Skill      XL: |  1  2  3  4 |
---------------+-------------+-----
Fighting       | 4 |  4.4
Axes           | 5 |  5.5
Dodging        | 3 |  3.0
Spellcasting   | 1 |  1.4
Necromancy     | 1 |  1.3
Stealth        | |  1.5

Action                   |  1- 3 |  4- 6 || total
-------------------------+-------+-------++-------
Melee: Hand axe          |   134 |   108 ||   242
 Cast: Pain              |    19 |    18 ||    37
  Use: Scroll            |     2 |     1 ||     3
       Potion            |     2 |     2 ||     4
Armor: Robe              |    12 |    12 ||    24
       Skin              |     3 |       ||     3
Dodge: Dodged            |    70 |    67 ||   137
